[ PARTIDA AOE2 · #479192083 ]
Team RMBritanos vs Khmer
[ ANÁLISIS DE REPETICIÓN · EXTRAÍDO DE LA PARTIDA GRABADA ]
Feudal
9:50
Castillos
20:57
Imperial
36:32
| APM promedio | 16.9 |
| APM pico | 34 |
| eAPM promedio | 10.8 |
| Aldeanos / militares | 138 / 218 |
Foco
⚔️ 36.0% · 🌾 64.0%
Militia ×106 · Archer ×97 · Battering Ram ×14 · Trade Cart ×5 · Monk ×1
Feudal
12:50
Castillos
28:48
Imperial
—
| APM promedio | 8.7 |
| APM pico | 48 |
| eAPM promedio | 6.6 |
| Aldeanos / militares | 53 / 32 |
Foco
⚔️ 25.5% · 🌾 74.5%
Trade Cart ×10 · Cavalry Archer ×10 · Spearman ×5 · Archer ×5 · Skirmisher ×5 · Mangonel ×3
Feudal
10:39
Castillos
20:38
Imperial
41:56
| APM promedio | 23.7 |
| APM pico | 56 |
| eAPM promedio | 13.1 |
| Aldeanos / militares | 107 / 68 |
Foco
⚔️ 33.6% · 🌾 66.4%
Unknown (1908) ×48 · Skirmisher ×43 · Unknown (1911) ×10 · Battering Ram ×9 · Trade Cart ×9 · Fishing Ship ×7
Feudal
15:15
Castillos
27:00
Imperial
40:40
| APM promedio | 15.4 |
| APM pico | 43 |
| eAPM promedio | 9.7 |
| Aldeanos / militares | 62 / 62 |
Foco
⚔️ 31.8% · 🌾 68.2%
Coustillier ×49 · Trade Cart ×6 · Archer ×6 · Scout Cavalry ×2 · Monk ×2 · Mangonel ×2
Mapa de la partida
Recursos al inicio + cada clic de construcción. Línea gruesa = muro · recuadro discontinuo = muro de casas detectado. 🟡 oro · ⚪ piedra · 🟢 bayas · 🔶 jabalí · ⭕ reliquia
Inputs por minuto
— 炸雞勇者 - - Xiko Deivy
Build order — 炸雞勇者
Primeras 150 de 304 acciones detectadas
| 0:08 | Construir | House |
| 0:09 | Construir | House |
| 0:11 | Crear | Villager (Male) ×4 |
| 0:12 | Crear | Villager (Male) ×4 |
| 1:44 | Crear | Villager (Male) |
| 1:45 | Crear | Villager (Male) |
| 2:31 | Crear | Villager (Male) |
| 2:31 | Crear | Villager (Male) |
| 2:31 | Crear | Villager (Male) |
| 2:40 | Construir | House |
| 2:41 | Construir | House |
| 2:56 | Crear | Villager (Male) |
| 2:56 | Crear | Villager (Male) |
| 2:56 | Crear | Villager (Male) |
| 3:11 | Crear | Villager (Male) |
| 3:11 | Crear | Villager (Male) |
| 3:55 | Crear | Villager (Male) |
| 3:55 | Crear | Villager (Male) |
| 3:55 | Crear | Villager (Male) |
| 4:09 | Crear | Villager (Male) |
| 4:09 | Crear | Villager (Male) |
| 4:49 | Crear | Villager (Male) |
| 4:49 | Crear | Villager (Male) |
| 4:50 | Crear | Villager (Male) |
| 5:40 | Construir | Mill |
| 5:48 | Crear | Villager (Male) |
| 5:49 | Crear | Villager (Male) |
| 5:49 | Crear | Villager (Male) |
| 6:18 | Crear | Villager (Male) |
| 6:18 | Crear | Villager (Male) |
| 6:19 | Crear | Villager (Male) |
| 6:34 | Crear | Villager (Male) |
| 6:57 | Construir | Lumber Camp |
| 7:38 | Investigar | Feudal Age |
| 9:12 | Construir | House |
| 9:14 | Construir | House |
| 9:27 | Crear | Villager (Male) |
| 9:27 | Crear | Villager (Male) |
| 9:27 | Crear | Villager (Male) |
| 9:50 | Edad | Edad Feudal |
| 10:01 | Construir | Barracks |
| 10:10 | Investigar | Wheelbarrow |
| 10:14 | Investigar | Double-Bit Axe |
| 10:34 | Crear | Villager (Male) |
| 10:35 | Crear | Villager (Male) |
| 10:35 | Crear | Villager (Male) |
| 10:35 | Crear | Villager (Male) |
| 10:36 | Crear | Villager (Male) |
| 10:52 | Construir | Farm |
| 11:13 | Construir | Farm |
| 11:18 | Construir | Farm |
| 11:27 | Crear | Villager (Male) |
| 11:27 | Crear | Villager (Male) |
| 11:27 | Crear | Villager (Male) |
| 11:28 | Crear | Villager (Male) |
| 11:50 | Construir | Mining Camp |
| 12:24 | Construir | Farm |
| 12:30 | Construir | Farm |
| 12:34 | Crear | Villager (Male) |
| 12:34 | Crear | Villager (Male) |
| 12:35 | Crear | Villager (Male) |
| 14:05 | Construir | Archery Range |
| 14:15 | Crear | Villager (Male) |
| 14:15 | Crear | Villager (Male) |
| 14:15 | Crear | Villager (Male) |
| 14:19 | Construir | Farm |
| 14:24 | Construir | Farm |
| 14:26 | Construir | Farm |
| 14:31 | Construir | Farm |
| 14:39 | Construir | Farm |
| 14:51 | Construir | Farm |
| 14:54 | Construir | Farm |
| 15:16 | Investigar | Arson |
| 15:26 | Construir | House |
| 15:28 | Construir | House |
| 15:37 | Construir | House |
| 15:48 | Construir | Blacksmith |
| 16:26 | Crear | Villager (Male) |
| 16:29 | Crear | Villager (Male) |
| 16:38 | Construir | Farm |
| 16:43 | Construir | Farm |
| 17:06 | Construir | House |
| 17:08 | Construir | House |
| 17:10 | Construir | House |
| 17:20 | Construir | Palisade Wall |
| 17:48 | Construir | Palisade Gate |
| 17:54 | Construir | House |
| 17:58 | Construir | House |
| 18:04 | Construir | Palisade Wall |
| 18:16 | Investigar | Castle Age |
| 19:04 | Construir | Market |
| 19:47 | Construir | Farm |
| 19:51 | Crear | Villager (Male) ×5 |
| 20:05 | Construir | Palisade Wall |
| 20:20 | Construir | Farm |
| 20:24 | Construir | Farm |
| 20:29 | Construir | Farm |
| 20:42 | Construir | Mining Camp |
| 20:57 | Edad | Edad de los Castillos |
| 21:04 | Construir | Town Center |
| 21:13 | Crear | Villager (Male) ×5 |
| 21:22 | Investigar | Crossbowman (upgrade) |
| 21:26 | Crear | Archer |
| 21:26 | Crear | Archer |
| 21:26 | Crear | Archer |
| 21:26 | Crear | Archer |
| 21:27 | Crear | Archer |
| 21:27 | Crear | Archer |
| 21:27 | Crear | Archer |
| 21:28 | Crear | Archer |
| 21:41 | Investigar | Gold Mining |
| 21:49 | Crear | Villager (Male) ×5 |
| 21:50 | Crear | Villager (Male) ×5 |
| 21:50 | Crear | Villager (Male) ×5 |
| 22:33 | Construir | Town Center |
| 22:49 | Investigar | Fletching |
| 23:03 | Investigar | Bow Saw |
| 23:12 | Construir | Farm |
| 23:35 | Construir | Farm |
| 23:40 | Crear | Villager (Male) ×5 |
| 23:40 | Crear | Villager (Male) ×5 |
| 23:40 | Crear | Villager (Male) ×3 |
| 23:52 | Construir | Farm |
| 24:19 | Investigar | Bodkin Arrow |
| 24:37 | Construir | Farm |
| 24:38 | Construir | Farm |
| 24:42 | Construir | Farm |
| 24:47 | Crear | Villager (Male) |
| 24:47 | Crear | Villager (Male) |
| 24:47 | Crear | Villager (Male) |
| 24:52 | Crear | Villager (Male) |
| 24:53 | Crear | Villager (Male) |
| 25:04 | Crear | Villager (Male) |
| 25:32 | Construir | Farm |
| 25:35 | Construir | Farm |
| 25:37 | Crear | Villager (Male) ×4 |
| 25:51 | Construir | Monastery |
| 25:59 | Construir | Farm |
| 26:04 | Construir | Farm |
| 26:10 | Construir | Farm |
| 26:19 | Investigar | Hand Cart |
| 26:33 | Crear | Archer ×5 |
| 26:44 | Investigar | Gold Shaft Mining |
| 26:51 | Crear | Monk |
| 27:01 | Construir | Archery Range |
| 27:14 | Construir | Archery Range |
| 27:32 | Crear | Villager (Male) |
| 27:33 | Crear | Villager (Male) |
| 27:35 | Crear | Villager (Male) |
| 27:35 | Crear | Villager (Male) |
Build order — Xiko Deivy
Primeras 150 de 202 acciones detectadas
| 0:04 | Investigar | Loom |
| 0:04 | Crear | Villager (Male) |
| 0:04 | Crear | Villager (Male) |
| 0:05 | Crear | Villager (Male) |
| 0:05 | Crear | Villager (Male) |
| 0:05 | Crear | Villager (Male) |
| 0:05 | Crear | Villager (Male) |
| 0:11 | Construir | House |
| 1:16 | Construir | Palisade Wall |
| 2:13 | Construir | Palisade Wall |
| 2:23 | Construir | Palisade Wall |
| 2:27 | Construir | Palisade Wall |
| 4:10 | Crear | Villager (Male) |
| 4:20 | Crear | Villager (Male) |
| 4:41 | Construir | House |
| 5:05 | Crear | Villager (Male) |
| 7:15 | Construir | House |
| 7:21 | Crear | Villager (Male) |
| 7:56 | Crear | Villager (Male) |
| 7:57 | Crear | Villager (Male) |
| 8:32 | Construir | Mill |
| 8:41 | Crear | Villager (Male) |
| 8:41 | Crear | Villager (Male) |
| 9:12 | Construir | House |
| 9:27 | Construir | Lumber Camp |
| 10:40 | Investigar | Feudal Age |
| 11:07 | Construir | Barracks |
| 11:58 | Crear | Villager (Male) |
| 11:58 | Crear | Villager (Male) |
| 11:59 | Crear | Villager (Male) |
| 12:01 | Crear | Villager (Male) |
| 12:08 | Construir | Farm |
| 12:08 | Construir | Farm |
| 12:10 | Construir | Farm |
| 12:50 | Edad | Edad Feudal |
| 12:58 | Construir | Watch Tower |
| 14:31 | Investigar | Double-Bit Axe |
| 15:06 | Crear | Villager (Male) |
| 15:07 | Crear | Villager (Male) |
| 15:07 | Crear | Villager (Male) |
| 15:17 | Construir | Lumber Camp |
| 16:16 | Construir | Building 490 |
| 16:24 | Construir | Stone Wall |
| 16:27 | Construir | Stone Wall |
| 16:47 | Investigar | Town Watch |
| 16:51 | Investigar | Horse Collar |
| 17:07 | Construir | Farm |
| 17:08 | Construir | Farm |
| 17:09 | Construir | Farm |
| 17:10 | Construir | Farm |
| 17:11 | Construir | Farm |
| 17:12 | Construir | Farm |
| 17:21 | Construir | Farm |
| 17:54 | Crear | Villager (Male) |
| 17:54 | Crear | Villager (Male) |
| 17:55 | Crear | Villager (Male) |
| 17:55 | Crear | Villager (Male) |
| 17:56 | Crear | Villager (Male) |
| 18:03 | Construir | House |
| 18:05 | Construir | House |
| 18:36 | Construir | Mining Camp |
| 20:23 | Crear | Villager (Male) |
| 20:24 | Crear | Villager (Male) |
| 20:24 | Crear | Villager (Male) |
| 20:25 | Crear | Villager (Male) |
| 20:25 | Crear | Villager (Male) |
| 20:42 | Investigar | Gold Mining |
| 21:16 | Construir | Mining Camp |
| 21:26 | Construir | House |
| 21:53 | Crear | Villager (Male) |
| 21:59 | Investigar | Stone Mining |
| 22:21 | Investigar | Arson |
| 22:59 | Construir | Farm |
| 23:06 | Investigar | Wheelbarrow |
| 23:35 | Construir | Blacksmith |
| 23:43 | Construir | House |
| 23:45 | Construir | House |
| 24:13 | Construir | Market |
| 24:15 | Construir | Market |
| 24:21 | Construir | Lumber Camp |
| 24:31 | Investigar | Fletching |
| 24:49 | Construir | Outpost |
| 25:11 | Investigar | Padded Archer Armor |
| 26:08 | Investigar | Castle Age |
| 26:39 | Construir | Archery Range |
| 26:52 | Construir | Archery Range |
| 27:03 | Construir | Lumber Camp |
| 27:15 | Crear | Spearman |
| 27:15 | Crear | Spearman |
| 27:16 | Crear | Spearman |
| 27:17 | Crear | Spearman |
| 27:17 | Crear | Spearman |
| 27:22 | Crear | Archer |
| 27:22 | Crear | Archer |
| 27:23 | Crear | Archer |
| 27:23 | Crear | Archer |
| 27:24 | Crear | Archer |
| 27:32 | Investigar | Forging |
| 27:47 | Crear | Skirmisher |
| 27:48 | Crear | Skirmisher |
| 27:48 | Crear | Skirmisher |
| 27:49 | Crear | Skirmisher |
| 27:50 | Crear | Skirmisher |
| 28:15 | Crear | Trade Cart |
| 28:16 | Crear | Trade Cart |
| 28:17 | Crear | Trade Cart |
| 28:18 | Crear | Trade Cart |
| 28:20 | Crear | Trade Cart |
| 28:48 | Edad | Edad de los Castillos |
| 28:51 | Investigar | Bodkin Arrow |
| 29:08 | Investigar | Gold Shaft Mining |
| 29:19 | Construir | House |
| 29:29 | Construir | House |
| 29:38 | Construir | Farm |
| 29:48 | Construir | Farm |
| 29:54 | Crear | Villager (Male) |
| 29:54 | Crear | Villager (Male) |
| 29:54 | Crear | Villager (Male) |
| 29:55 | Crear | Villager (Male) |
| 30:05 | Crear | Villager (Male) |
| 31:13 | Construir | Castle |
| 31:38 | Investigar | Iron Casting |
| 32:06 | Investigar | Crossbowman (upgrade) |
| 32:21 | Construir | Siege Workshop |
| 32:33 | Construir | University |
| 33:25 | Investigar | Murder Holes |
| 33:30 | Crear | Ballista Elephant |
| 34:41 | Construir | Watch Tower |
| 34:52 | Crear | Mangonel |
| 34:54 | Crear | Mangonel |
| 35:02 | Crear | Cavalry Archer |
| 35:02 | Crear | Cavalry Archer |
| 35:02 | Crear | Cavalry Archer |
| 35:02 | Crear | Cavalry Archer |
| 35:03 | Crear | Cavalry Archer |
| 35:03 | Crear | Cavalry Archer |
| 35:03 | Crear | Cavalry Archer |
| 35:04 | Crear | Cavalry Archer |
| 35:04 | Crear | Cavalry Archer |
| 35:04 | Crear | Cavalry Archer |
| 35:17 | Construir | Stone Wall |
| 35:23 | Construir | Building 490 |
| 35:33 | Construir | Town Center |
| 36:59 | Construir | House |
| 37:03 | Construir | House |
| 37:04 | Construir | House |
| 37:05 | Construir | House |
| 37:06 | Construir | House |
| 37:06 | Construir | House |
| 37:08 | Construir | House |
Build order — king517670
Primeras 150 de 403 acciones detectadas
| 0:02 | Crear | Villager (Male) |
| 0:02 | Crear | Villager (Male) |
| 0:02 | Crear | Villager (Male) |
| 0:04 | Construir | House |
| 0:05 | Construir | House |
| 0:08 | Crear | Villager (Male) |
| 0:09 | Crear | Villager (Male) |
| 1:15 | Crear | Villager (Male) |
| 1:57 | Crear | Villager (Male) |
| 2:14 | Crear | Villager (Male) |
| 3:02 | Crear | Villager (Male) |
| 3:02 | Crear | Villager (Male) |
| 3:04 | Investigar | Loom |
| 3:08 | Construir | House |
| 3:10 | Construir | House |
| 4:04 | Crear | Villager (Male) |
| 4:05 | Crear | Villager (Male) |
| 4:14 | Crear | Villager (Male) |
| 4:14 | Crear | Villager (Male) |
| 4:40 | Construir | Lumber Camp |
| 4:55 | Construir | Palisade Wall |
| 5:06 | Crear | Villager (Male) |
| 5:08 | Crear | Villager (Male) |
| 6:04 | Crear | Villager (Male) |
| 6:05 | Crear | Villager (Male) |
| 6:38 | Construir | House |
| 6:46 | Construir | Mining Camp |
| 7:05 | Crear | Villager (Male) |
| 7:29 | Construir | Mill |
| 8:29 | Investigar | Feudal Age |
| 10:29 | Construir | Mill |
| 10:39 | Edad | Edad Feudal |
| 11:03 | Construir | Market |
| 11:21 | Construir | Dock |
| 11:26 | Crear | Villager (Male) |
| 11:27 | Crear | Villager (Male) |
| 11:29 | Crear | Villager (Male) |
| 11:30 | Crear | Villager (Male) |
| 12:03 | Construir | Lumber Camp |
| 12:27 | Crear | Fishing Ship |
| 12:29 | Crear | Fishing Ship |
| 12:47 | Crear | Villager (Male) |
| 13:16 | Investigar | Double-Bit Axe |
| 13:26 | Crear | Villager (Male) |
| 13:26 | Crear | Villager (Male) |
| 13:27 | Crear | Villager (Male) |
| 13:39 | Crear | Fishing Ship |
| 14:08 | Construir | House |
| 14:11 | Construir | House |
| 14:12 | Construir | House |
| 14:37 | Construir | Barracks |
| 15:00 | Construir | Blacksmith |
| 15:03 | Crear | Villager (Male) |
| 15:03 | Crear | Villager (Male) |
| 15:04 | Crear | Villager (Male) |
| 15:24 | Crear | Villager (Male) |
| 15:25 | Crear | Villager (Male) |
| 15:35 | Construir | Farm |
| 15:42 | Construir | Lumber Camp |
| 15:58 | Investigar | Tech 906 |
| 16:17 | Crear | Villager (Male) |
| 16:19 | Crear | Villager (Male) |
| 16:26 | Construir | Farm |
| 16:55 | Construir | Farm |
| 16:57 | Investigar | Horse Collar |
| 17:16 | Construir | Farm |
| 17:22 | Crear | Fishing Ship |
| 17:28 | Construir | Fish Trap |
| 17:45 | Investigar | Castle Age |
| 18:03 | Construir | House |
| 18:05 | Construir | House |
| 18:06 | Construir | House |
| 18:07 | Construir | House |
| 18:10 | Construir | House |
| 18:12 | Construir | House |
| 19:32 | Construir | Stable |
| 19:41 | Crear | Villager (Male) |
| 19:42 | Crear | Villager (Male) |
| 19:43 | Crear | Villager (Male) |
| 19:47 | Construir | Mining Camp |
| 20:16 | Construir | Fish Trap |
| 20:19 | Construir | Fish Trap |
| 20:24 | Construir | Fish Trap |
| 20:26 | Crear | Fishing Ship |
| 20:26 | Crear | Fishing Ship |
| 20:27 | Crear | Fishing Ship |
| 20:38 | Edad | Edad de los Castillos |
| 20:41 | Crear | Steppe Lancer |
| 20:42 | Crear | Steppe Lancer |
| 20:43 | Crear | Steppe Lancer |
| 20:46 | Investigar | Husbandry |
| 20:56 | Investigar | Stone Mining |
| 20:59 | Crear | Villager (Male) |
| 21:00 | Crear | Villager (Male) |
| 21:09 | Construir | Farm |
| 21:52 | Construir | Siege Workshop |
| 22:12 | Investigar | Bloodlines |
| 22:20 | Crear | Spearman |
| 22:20 | Crear | Spearman |
| 22:21 | Crear | Spearman |
| 22:27 | Investigar | Squires |
| 22:36 | Construir | House |
| 22:37 | Construir | House |
| 22:38 | Construir | House |
| 22:39 | Construir | House |
| 22:40 | Construir | House |
| 22:41 | Construir | House |
| 22:47 | Crear | Battering Ram |
| 22:47 | Crear | Battering Ram |
| 23:08 | Construir | Town Center |
| 24:23 | Construir | Stone Wall |
| 24:30 | Construir | Building 490 |
| 24:35 | Investigar | Gold Mining |
| 24:36 | Investigar | Stone Shaft Mining |
| 24:40 | Investigar | Wheelbarrow |
| 24:42 | Crear | Villager (Male) |
| 24:42 | Crear | Villager (Male) |
| 24:43 | Crear | Villager (Male) |
| 24:43 | Crear | Villager (Male) |
| 24:46 | Crear | Villager (Male) |
| 24:46 | Crear | Villager (Male) |
| 24:57 | Construir | Town Center |
| 25:07 | Construir | Farm |
| 25:07 | Construir | Farm |
| 25:08 | Construir | Farm |
| 25:41 | Construir | Monastery |
| 25:47 | Investigar | Forging |
| 25:58 | Construir | Farm |
| 25:59 | Construir | Farm |
| 26:21 | Construir | Fish Trap |
| 26:28 | Crear | Villager (Male) |
| 26:29 | Crear | Villager (Male) |
| 26:29 | Crear | Villager (Male) |
| 26:32 | Crear | Villager (Male) |
| 26:32 | Crear | Villager (Male) |
| 26:41 | Construir | Lumber Camp |
| 26:51 | Crear | Villager (Male) |
| 26:51 | Crear | Villager (Male) |
| 27:05 | Crear | Villager (Male) |
| 27:06 | Crear | Villager (Male) |
| 27:06 | Crear | Villager (Male) |
| 27:14 | Crear | Villager (Male) |
| 27:15 | Crear | Villager (Male) |
| 27:24 | Construir | Fish Trap |
| 27:35 | Construir | Fish Trap |
| 27:40 | Investigar | Gillnets |
| 27:46 | Construir | Farm |
| 27:49 | Crear | Monk |
| 28:35 | Construir | Castle |
| 28:43 | Construir | Archery Range |
Build order — Headshot
Primeras 150 de 264 acciones detectadas
| 0:03 | Construir | House |
| 0:05 | Construir | House |
| 0:08 | Crear | Villager (Male) |
| 0:08 | Crear | Villager (Male) |
| 0:08 | Crear | Villager (Male) |
| 0:09 | Crear | Villager (Male) |
| 1:14 | Construir | Palisade Wall |
| 2:54 | Investigar | Wheelbarrow |
| 2:54 | Crear | Villager (Male) |
| 2:54 | Crear | Villager (Male) |
| 3:54 | Crear | Villager (Male) |
| 3:54 | Crear | Villager (Male) |
| 3:54 | Crear | Villager (Male) |
| 4:32 | Construir | Palisade Wall |
| 4:36 | Construir | Palisade Wall |
| 5:15 | Crear | Villager (Male) |
| 5:42 | Crear | Villager (Male) |
| 5:57 | Construir | House |
| 6:03 | Crear | Villager (Male) |
| 6:46 | Crear | Villager (Male) |
| 6:46 | Crear | Villager (Male) |
| 7:24 | Crear | Villager (Male) |
| 7:33 | Construir | Lumber Camp |
| 8:03 | Crear | Villager (Male) |
| 8:03 | Crear | Villager (Male) |
| 8:26 | Construir | House |
| 8:28 | Construir | House |
| 8:50 | Crear | Villager (Male) |
| 8:50 | Crear | Villager (Male) |
| 10:04 | Crear | Villager (Male) |
| 10:04 | Crear | Villager (Male) |
| 10:08 | Investigar | Double-Bit Axe |
| 10:26 | Construir | Mill |
| 10:29 | Crear | Villager (Male) |
| 11:07 | Crear | Villager (Male) |
| 11:07 | Crear | Villager (Male) |
| 11:16 | Construir | House |
| 11:19 | Construir | House |
| 11:26 | Investigar | Horse Collar |
| 11:38 | Construir | Mill |
| 12:05 | Construir | Farm |
| 12:15 | Construir | Farm |
| 12:16 | Construir | Farm |
| 12:24 | Crear | Villager (Male) |
| 12:37 | Construir | House |
| 12:39 | Construir | House |
| 13:02 | Construir | Mining Camp |
| 13:05 | Investigar | Feudal Age |
| 13:31 | Construir | Mining Camp |
| 14:12 | Construir | Barracks |
| 14:22 | Investigar | Loom |
| 14:26 | Investigar | Stone Mining |
| 14:46 | Investigar | Gold Mining |
| 15:13 | Construir | House |
| 15:15 | Edad | Edad Feudal |
| 15:15 | Construir | House |
| 15:26 | Construir | Stone Wall |
| 15:42 | Crear | Villager (Male) |
| 15:42 | Crear | Villager (Male) |
| 16:05 | Investigar | Hand Cart |
| 16:44 | Investigar | Heavy Plow |
| 17:04 | Investigar | Bow Saw |
| 17:42 | Crear | Villager (Male) |
| 17:43 | Crear | Villager (Male) |
| 17:52 | Crear | Villager (Male) |
| 17:52 | Crear | Villager (Male) |
| 18:19 | Construir | Stone Wall |
| 18:55 | Construir | Stable |
| 19:12 | Construir | Stone Wall |
| 19:42 | Crear | Villager (Male) |
| 19:42 | Crear | Villager (Male) |
| 19:45 | Crear | Villager (Male) |
| 20:03 | Construir | Stable |
| 20:05 | Construir | Stable |
| 20:29 | Construir | Farm |
| 20:31 | Crear | Villager (Male) |
| 20:42 | Construir | Blacksmith |
| 20:43 | Construir | Blacksmith |
| 21:01 | Investigar | Gold Shaft Mining |
| 21:52 | Crear | Villager (Male) |
| 21:52 | Crear | Villager (Male) |
| 21:54 | Construir | Farm |
| 21:55 | Construir | Farm |
| 21:56 | Construir | Farm |
| 22:00 | Construir | Farm |
| 22:02 | Construir | Farm |
| 22:11 | Construir | Farm |
| 22:13 | Construir | Farm |
| 22:29 | Construir | Market |
| 22:42 | Crear | Scout Cavalry |
| 22:48 | Crear | Scout Cavalry |
| 23:16 | Construir | Farm |
| 23:18 | Construir | Farm |
| 23:21 | Crear | Villager (Male) |
| 23:40 | Construir | Stone Wall |
| 24:18 | Construir | Farm |
| 24:20 | Investigar | Castle Age |
| 24:30 | Construir | Market |
| 25:01 | Investigar | Town Watch |
| 25:06 | Investigar | Stone Shaft Mining |
| 25:23 | Construir | Archery Range |
| 25:49 | Investigar | Caravan |
| 25:55 | Crear | Trade Cart |
| 25:55 | Crear | Trade Cart |
| 25:55 | Crear | Trade Cart |
| 26:26 | Construir | Stone Wall |
| 27:00 | Edad | Edad de los Castillos |
| 27:09 | Crear | Archer |
| 27:10 | Crear | Archer |
| 27:10 | Crear | Archer |
| 27:10 | Crear | Archer |
| 27:10 | Crear | Archer |
| 27:11 | Crear | Archer |
| 27:12 | Investigar | Crossbowman (upgrade) |
| 27:26 | Construir | Mining Camp |
| 27:31 | Construir | Farm |
| 27:32 | Construir | Farm |
| 27:44 | Construir | Castle |
| 27:52 | Construir | Stone Wall |
| 27:59 | Construir | Building 490 |
| 28:47 | Construir | Monastery |
| 28:53 | Construir | University |
| 29:02 | Investigar | Forging |
| 29:03 | Investigar | Scale Barding Armor |
| 30:00 | Construir | Watch Tower |
| 30:17 | Investigar | Iron Casting |
| 30:20 | Investigar | Fletching |
| 30:24 | Investigar | Fortified Wall (upgrade) |
| 30:29 | Crear | Trade Cart |
| 30:29 | Crear | Trade Cart |
| 30:29 | Crear | Trade Cart |
| 31:32 | Investigar | Man-at-Arms (upgrade) |
| 31:38 | Investigar | Town Patrol |
| 31:41 | Investigar | Chain Barding Armor |
| 31:48 | Crear | Monk |
| 31:55 | Investigar | Guard Tower (upgrade) |
| 32:04 | Crear | Villager (Male) |
| 32:04 | Crear | Villager (Male) |
| 32:04 | Crear | Villager (Male) |
| 32:27 | Construir | Stone Wall |
| 33:06 | Construir | Castle |
| 33:23 | Crear | Villager (Male) |
| 33:23 | Crear | Villager (Male) |
| 33:23 | Crear | Villager (Male) |
| 33:32 | Construir | Lumber Camp |
| 33:34 | Investigar | Two-Man Saw |
| 33:38 | Construir | Farm |
| 33:46 | Crear | Monk |
| 34:06 | Investigar | Burgundian Vineyards |
| 34:31 | Investigar | Long Swordsman (upgrade) |
Cronología de la partida
| 1:14 | Headshot · wall_segment Palisade Wall x23 |
| 1:16 | Xiko Deivy · wall_segment Palisade Wall x9 |
| 2:13 | Xiko Deivy · wall_segment Palisade Wall x4 |
| 2:23 | Xiko Deivy · wall_segment Palisade Wall x1 |
| 2:27 | Xiko Deivy · wall_segment Palisade Wall x1 |
| 4:32 | Headshot · wall_segment Palisade Wall x12 |
| 4:36 | Headshot · wall_segment Palisade Wall x7 |
| 4:55 | king517670 · wall_segment Palisade Wall x14 |
| 9:50 | 炸雞勇者 · age_up feudal |
| 10:01 | 炸雞勇者 · first_building Barracks |
| 10:39 | king517670 · age_up feudal |
| 11:07 | Xiko Deivy · first_building Barracks |
| 11:21 | king517670 · first_building Dock |
| 12:50 | Xiko Deivy · age_up feudal |
| 14:05 | 炸雞勇者 · first_building Archery Range |
| 14:12 | Headshot · first_building Barracks |
| 14:37 | king517670 · first_building Barracks |
| 15:15 | Headshot · age_up feudal |
| 15:26 | Headshot · wall_segment Stone Wall x20 |
| 16:24 | Xiko Deivy · wall_segment Stone Wall x5 |
| 16:27 | Xiko Deivy · wall_segment Stone Wall x4 |
| 16:39 | king517670 · first_market_buy 100 food |
| 16:46 | king517670 · first_market_sell 100 wood |
| 17:20 | 炸雞勇者 · wall_segment Palisade Wall x2 |
| 18:04 | 炸雞勇者 · wall_segment Palisade Wall x5 |
| 18:19 | Headshot · wall_segment Stone Wall x1 |
| 18:55 | Headshot · first_building Stable |
| 19:12 | Headshot · wall_segment Stone Wall x18 |
| 19:32 | king517670 · first_building Stable |
| 20:05 | 炸雞勇者 · wall_segment Palisade Wall x5 |
| 20:38 | king517670 · age_up castle |
| 20:57 | 炸雞勇者 · age_up castle |
| 21:52 | king517670 · first_building Siege Workshop |
| 23:40 | Headshot · wall_segment Stone Wall x14 |
| 24:23 | king517670 · wall_segment Stone Wall x5 |
| 25:23 | Headshot · first_building Archery Range |
| 25:41 | king517670 · first_building Monastery |
| 25:51 | 炸雞勇者 · first_building Monastery |
| 26:26 | Headshot · wall_segment Stone Wall x14 |
| 26:39 | Xiko Deivy · first_building Archery Range |
| 27:00 | Headshot · age_up castle |
| 27:44 | Headshot · first_building Castle |
| 27:52 | Headshot · wall_segment Stone Wall x16 |
| 28:26 | 炸雞勇者 · first_building Siege Workshop |
| 28:35 | king517670 · first_building Castle |
| 28:43 | king517670 · first_building Archery Range |
| 28:47 | Headshot · first_building Monastery |
| 28:48 | Xiko Deivy · age_up castle |
| 31:13 | Xiko Deivy · first_building Castle |
| 32:21 | Xiko Deivy · first_building Siege Workshop |
| 32:27 | Headshot · wall_segment Stone Wall x16 |
| 35:17 | Xiko Deivy · wall_segment Stone Wall x8 |
| 35:21 | 炸雞勇者 · first_building Castle |
| 36:32 | 炸雞勇者 · age_up imperial |
| 39:21 | Headshot · first_building Siege Workshop |
| 40:40 | Headshot · age_up imperial |
| 41:56 | king517670 · age_up imperial |
| 44:51 | Headshot · wall_segment Stone Wall x12 |
| 46:11 | Headshot · wall_segment Stone Wall x16 |
| 46:28 | Xiko Deivy · resign |
[ ANÁLISIS IA · 1 CRÉDITO ]
¿Qué pasó realmente en esta partida?
Wolo.gg analiza cada decisión: build order, eco, micro, errores típicos por bracket. Análisis personalizado por WhatsApp o Discord en 30 segundos.
Guía civ
Britanos
Guía mapa
Black Forest
Perfil
炸雞勇者